Workbook

Sheet FUND
A1: FUND — given by Wouliour vai
A3: FUND DATE | B3: FUND AMOUNT
A4: 30.06.26 | B4: 90000
A10: TOTAL FUND | B10: =SUM(B4:B9) -> 90000

Sheet MANNA
A1: MANNA
A2: Yellow = you type. White = auto.
A3: DATE | B3: TYPE | C3: PARTICULAR | D3: AMOUNT | E3: COMPANY | G3: PREVIOUS DUE | H3: -17147 | J3: ADV DATE | K3: ADV PARTICULAR | L3: ADV AMOUNT
A4: 25.6.26 | B4: FARE | C4: FARE | D4: 170 | G4: TOTAL BILL | H4: =INT(SUM(D4:D203)) -> 2370
A5: 24.6.26 | B5: FARE | C5: FARE | D5: 110 | G5: ADVANCE TAKEN | H5: =SUM(L4:L33) -> 0
A6: 23.6.26 | B6: FARE | C6: FARE | D6: 90 | G6: CURRENT DUE | H6: =H3+H4-H5 -> -14777
A7: 30.6.26 | B7: IMPORT | C7: IMPORT FABRICS 709, FLC, MR SIRAJ, WIN LEST | D7: 2000

Sheet OTHER
A1: OTHER
A2: Yellow = you type. White = auto.
A3: DATE | B3: TYPE | C3: PARTICULAR | D3: AMOUNT | E3: COMPANY | G3: PREVIOUS DUE | H3: 0 | J3: ADV DATE | K3: ADV PARTICULAR | L3: ADV AMOUNT
G4: TOTAL BILL | H4: =INT(SUM(D4:D203)) -> 0
G5: ADVANCE TAKEN | H5: =SUM(L4:L33) -> 0
G6: CURRENT DUE | H6: =H3+H4-H5 -> 0

Sheet SHAWON
A1: SHAWON
A2: Yellow = you type. White = auto.
A3: DATE | B3: TYPE | C3: PARTICULAR | D3: AMOUNT | E3: COMPANY | G3: PREVIOUS DUE | H3: -27433.55 | J3: ADV DATE | K3: ADV PARTICULAR | L3: ADV AMOUNT
A4: 24.6.26 | B4: FARE | C4: FARE | D4: 115 | G4: TOTAL BILL | H4: =INT(SUM(D4:D203)) -> 4665 | J4: 25.6.26 | K4: CASH | L4: 2000
A5: 24.6.26 | B5: FARE | C5: FARE | D5: 100 | G5: ADVANCE TAKEN | H5: =SUM(L4:L33) -> 8540 | J5: 28.6.26 | K5: BASINE PIPE+TONER | L5: 3000
A6: 28.6.26 | B6: MOBILE | C6: MOBILE + NET | D6: 600 | G6: CURRENT DUE | H6: =H3+H4-H5 -> -31308.55 | J6: 30.6.26 | K6: CASH | L6: 500
A7: 28.6.26 | B7: REPAIR | C7: REPAIR BASIN | D7: 100 | J7: 30.6.26 | K7: PERSONAL | L7: 3000
A8: 28.6.26 | B8: TONERX2 | C8: TONERX2 | D8: 2600 | J8: 30.6.26 | K8: MD SIR HISHAB | L8: 40
A9: 25.6.26 | B9: PC PARTS | C9: FLASH DRIVE | D9: 1150

Sheet NASIR
A1: NASIR
A2: Yellow = you type. White = auto.
A3: DATE | B3: TYPE | C3: PARTICULAR | D3: AMOUNT | E3: COMPANY | G3: PREVIOUS DUE | H3: -1099 | J3: ADV DATE | K3: ADV PARTICULAR | L3: ADV AMOUNT
A4: 25.6.26 | B4: FARE | C4: FARE | D4: 110 | G4: TOTAL BILL | H4: =INT(SUM(D4:D203)) -> 12930 | J4: 25.6.26 | K4: RECOVERY DATA | L4: 11000
A5: 25.6.26 | B5: LUNCH | C5: LUNCH | D5: 220 | G5: ADVANCE TAKEN | H5: =SUM(L4:L33) -> 12500 | J5: 30.6.26 | K5: CASH | L5: 1500
A6: 25.6.26 | B6: PC PARTS | C6: DATA RECOVER | D6: 11000 | G6: CURRENT DUE | H6: =H3+H4-H5 -> -669
A7: 30.6.26 | B7: FARE | C7: FARE | D7: 320
A8: 28.6.26 | B8: LUNCH | C8: LUNCH | D8: 180
A9: 29.6.26 | B9: MOBILE | C9: MOBILE | D9: 1000
A10: 28.6.26 | B10: FARE | C10: FARE | D10: 100

Sheet MAHFUZ
A1: MAHFUZ
A2: Yellow = you type. White = auto.
A3: DATE | B3: TYPE | C3: PARTICULAR | D3: AMOUNT | E3: COMPANY | G3: PREVIOUS DUE | H3: -9795 | J3: ADV DATE | K3: ADV PARTICULAR | L3: ADV AMOUNT
A4: 28.6.26 | B4: MOBILE | C4: MOBILE+NET | D4: 300 | G4: TOTAL BILL | H4: =INT(SUM(D4:D203)) -> 4159 | J4: 30.6.26 | K4: UD | L4: 10000
A5: 27.6.26 | B5: UD | C5: UD 17/7 | D5: 714.29 | G5: ADVANCE TAKEN | H5: =SUM(L4:L33) -> 10000
A6: 27.6.26 | B6: UD | C6: UD 30/7 | D6: 714.29 | G6: CURRENT DUE | H6: =H3+H4-H5 -> -15636
A7: 27.6.26 | B7: UD | C7: UD 14/2 | D7: 714.29
A8: 29.6.26 | B8: UD | C8: UD 18/4 | D8: 746.94
A9: 30.6.26 | B9: UD | C9: UD 31/9 | D9: 969.39

Sheet JIHAD
A1: JIHAD
A2: Yellow = you type. White = auto.
A3: DATE | B3: TYPE | C3: PARTICULAR | D3: AMOUNT | E3: COMPANY | G3: PREVIOUS DUE | H3: -4536 | J3: ADV DATE | K3: ADV PARTICULAR | L3: ADV AMOUNT
A4: 27.6.26 | B4: MOBILE | C4: MOBILE | D4: 500 | G4: TOTAL BILL | H4: =INT(SUM(D4:D203)) -> 43289 | J4: 25.6.26 | K4: BL | L4: 11000
A5: 25.6.26 | B5: LUNCH | C5: LUNCH | D5: 100 | G5: ADVANCE TAKEN | H5: =SUM(L4:L33) -> 42000 | J5: 29.6.26 | K5: BL | L5: 7000
A6: 25.6.26 | B6: GUEST_TIFFIN | C6: GUEST_TIFFIN | D6: 90 | G6: CURRENT DUE | H6: =H3+H4-H5 -> -3247 | J6: 30.6.26 | K6: BL | L6: 24000
A7: 25.6.26 | B7: FARE | C7: FARE | D7: 120
A8: 25.6.26 | B8: PAPERx2 | C8: A4X2 | D8: 960
A9: 30.6.26 | B9: LUNCH | C9: LUNCH | D9: 100
A10: 30.6.26 | B10: FARE | C10: FARE | D10: 80
A11: 30.6.26 | B11: DKC CNF BILL | C11: INV-95/26, INV-108/26 | D11: 23969 | E11: MAERSK
A12: 29.6.26 | B12: LUNCH | C12: LUNCH | D12: 100
A13: 29.6.26 | B13: FARE | C13: FARE | D13: 140
A14: 29.6.26 | B14: FARE | C14: FARE | D14: 130
A15: 29.6.26 | B15: STAMP | C15: STAMP 12X500, INV-118+137/26 | D15: 6000
A16: 29.6.26 | B16: BL | C16: INV-118+137/26, EFL-DA1-00075017,750225,11435 | D16: 4000 | E16: EFL
A17: 29.6.26 | B17: BL | C17: INV-125/26, BGLH261181, MR003526 | D17: 7000 | E17: BGOLS

Sheet MD SIR
A1: MD SIR
A2: Yellow = you type. White = auto.
A3: DATE | B3: TYPE | C3: PARTICULAR | D3: AMOUNT | E3: COMPANY | G3: PREVIOUS DUE | H3: -21000 | J3: ADV DATE | K3: ADV PARTICULAR | L3: ADV AMOUNT
A4: 29.6.26 | B4: OFFICE_EXPENSE | C4: OFFICE MAINTANANCE/OFFICE EXPENCE | D4: 21460 | G4: TOTAL BILL | H4: =INT(SUM(D4:D203)) -> 21460 | J4: 30.6.26 | K4: ADJUSTMENT | L4: 460
G5: ADVANCE TAKEN | H5: =SUM(L4:L33) -> 460
G6: CURRENT DUE | H6: =H3+H4-H5 -> 0

Sheet UNCLE
A1: UNCLE
A2: Yellow = you type. White = auto.
A3: DATE | B3: TYPE | C3: PARTICULAR | D3: AMOUNT | E3: COMPANY | G3: PREVIOUS DUE | H3: 0 | J3: ADV DATE | K3: ADV PARTICULAR | L3: ADV AMOUNT
G4: TOTAL BILL | H4: =INT(SUM(D4:D203)) -> 0 | J4: 30.6.26 | K4: CURRENT UNCLE | L4: 10000
G5: ADVANCE TAKEN | H5: =SUM(L4:L33) -> 10000
G6: CURRENT DUE | H6: =H3+H4-H5 -> -10000

Sheet SUMMARY
A1: SUMMARY — this bill set
A2: 100% automatic (except the two yellow carry cells).
A3: Account | B3: Bill | C3: Advance | D3: Previous due | E3: Current due
A4: MANNA | B4: =MANNA!H4 -> 2370 | C4: =MANNA!H5 -> 0 | D4: =MANNA!H3 -> -17147 | E4: =MANNA!H6 -> -14777
A5: OTHER | B5: =OTHER!H4 -> 0 | C5: =OTHER!H5 -> 0 | D5: =OTHER!H3 -> 0 | E5: =OTHER!H6 -> 0
A6: SHAWON | B6: =SHAWON!H4 -> 4665 | C6: =SHAWON!H5 -> 8540 | D6: =SHAWON!H3 -> -27433.55 | E6: =SHAWON!H6 -> -31308.55
A7: NASIR | B7: =NASIR!H4 -> 12930 | C7: =NASIR!H5 -> 12500 | D7: =NASIR!H3 -> -1099 | E7: =NASIR!H6 -> -669
A8: MAHFUZ | B8: =MAHFUZ!H4 -> 4159 | C8: =MAHFUZ!H5 -> 10000 | D8: =MAHFUZ!H3 -> -9795 | E8: =MAHFUZ!H6 -> -15636
A9: JIHAD | B9: =JIHAD!H4 -> 43289 | C9: =JIHAD!H5 -> 42000 | D9: =JIHAD!H3 -> -4536 | E9: =JIHAD!H6 -> -3247
A10: MD SIR | B10: ='MD SIR'!H4 -> 21460 | C10: ='MD SIR'!H5 -> 460 | D10: ='MD SIR'!H3 -> -21000 | E10: ='MD SIR'!H6 -> 0
A11: UNCLE | B11: =UNCLE!H4 -> 0 | C11: =UNCLE!H5 -> 10000 | D11: =UNCLE!H3 -> 0 | E11: =UNCLE!H6 -> -10000
A12: TOTAL | B12: =SUM(B4:B11) -> 88873 | C12: =SUM(C4:C11) -> 83500 | D12: =SUM(D4:D11) -> -81010.55 | E12: =SUM(E4:E11) -> -75637.55
A14: MEMBER DUE (held by all) | B14: =E12 -> -75637.55
A16: WOULIOUR VAI — running statement
A17: Opening balance owed | B17: -121710.55
A18: New fund this set | B18: =FUND!B10 -> 90000
A19: Bills submitted this set | B19: =B12 -> 88873
A20: Closing balance owed | B20: =B17-FUND!B10+B12 -> -122837.55
A22: CASH IN HAND — running
A23: Previous cash in hand | B23: 40700
A24: Cash in hand | B24: =B23+FUND!B10-C12 -> 47200
